 Dungeon Sprint DCSS version 0.28-a0-1387-g3a22ab9bdc (webtiles) character file.

Game seed: 18035445238224174498

1269 mhtbhm the Basher (level 8, -7/62 (82) HPs)
             Began as a Yellow Draconian Berserker on Jan 2, 2022.
             Was an Elder of Trog.
             Killed from afar by Josephine (23 damage)
             ... with a ghostly fireball
             ... in the Dungeon (Sprint III: "The Ten Rune Challenge").
             The game lasted 00:01:44 (1119 turns).

mhtbhm the Basher (Yellow Draconian Berserker)      Turns: 1119, Time: 00:01:45

HP:   -7/62 (82)    AC:  7    Str: 23    XL:     8   Next: 28%
MP:   8/8           EV: 15    Int:  7    God:    Trog [****..]
Gold: 21            SH:  0    Dex: 12    Spells: 7/7 levels left

rFire   . . .      SeeInvis .   a - +0 mace
rCold   . . .      Faith    .   p - orb {mayhem}
rNeg    . . .      Spirit   .   (armour unavailable)
rPois   .          Reflect  .   (helmet restricted)
rElec   .          Harm     .   i - +0 cloak
rCorr   +          Rampage  .   (no gloves)
Will    .....      NoTele   +   (no boots)
Stlth   +++.......              (no amulet)
HPRegen 0.20/turn               (no ring)
MPRegen 0.11/turn               (no ring)

@: on berserk cooldown, slowed, heavily drained, very slow
A: spit acid, AC +6, unfitting armour, cold-blooded, acid resistance, stinger 1,
strong 1
a: Breathe Acid, Renounce Religion, Berserk, Trog's Hand, Brothers in Arms


You were in the Dungeon.
You worshipped Trog.
Trog was greatly pleased with you.
You visited 1 branch You collected 21 gold pieces.

Inventory:

Hand Weapons
 a - a +0 mace (weapon)
Armour
 i - a +0 cloak (worn)
 p - an orb of mayhem (worn)
Wands
 o - a wand of paralysis (5)
Scrolls
 g - a scroll of blinking
 h - 2 scrolls of identify {unknown}
 k - a scroll of torment {unknown}
 l - a scroll of magic mapping {unknown}
 m - a scroll of holy word {unknown}
Potions
 b - 2 potions of curing
 c - a potion of heal wounds
 d - a potion of haste
 e - 2 potions of magic
 f - a potion of berserk rage
 j - 3 potions of mutation
 n - a potion of cancellation {unknown}
Miscellaneous
 q - a lightning rod (4/4)


   Skills:
 + Level 11.4 Fighting
 + Level 12.0 Maces & Flails
 + Level 8.8 Dodging
 + Level 4.3 Stealth


You had 7 spell levels left.
You didn't know any spells.
Your spell library was empty.

Dungeon Overview and Level Annotations

Branches:
Dungeon (1/1)

Altars:
Cheibriados
Dithmenos
Elyvilon
Fedhas
Gozag
Hepliaklqana
Kikubaaqudgha
Makhleb
Nemelex Xobeh
Okawaru
Qazlal
Ru
Sif Muna
Trog
Uskayaw
Vehumet
Wu Jian
Xom
Yredelemnul
Zin
The Shining One
Beogh
Jiyva
Lugonu

Annotations:
D Josephine


Innate Abilities, Weirdness & Mutations

You can spit globs of acid.
Your golden yellow scales are hard. (AC +6)
You cannot fit into any form of body armour.
You are cold-blooded and may be slowed by cold attacks.
You are resistant to acid. (rCorr)
Your tail ends in a venomous barb.
Your muscles are strong. (Str +2)


Message History

Josephine is heavily wounded.
You closely miss Josephine.
Josephine is heavily wounded.
Josephine draws life force from you!!
Josephine is healed by the life force!
You are too injured to fight recklessly!
You are too injured to fight recklessly!
You are too injured to fight recklessly!
You are too injured to fight recklessly!
You are too injured to fight recklessly!
You are too injured to fight recklessly!
You are too injured to fight recklessly!
You are too injured to fight recklessly!
You are too injured to fight recklessly!
You are too injured to fight recklessly!
You are too injured to fight recklessly!
You are too injured to fight recklessly!
You are too injured to fight recklessly!
You are too injured to fight recklessly!
You are no longer berserk.
You are exhausted.
You feel yourself slow down. Josephine closely misses you.
You hit Josephine but do no damage.
Josephine is moderately wounded.
Josephine gestures at you while chanting.
The ghostly flame explodes!
The ghostly fireball engulfs you!
You feel drained.
* * * LOW HITPOINT WARNING * * *
The ghostly fireball engulfs Josephine.
Josephine completely resists.
Unknown command.
You feel much better. Josephine hits you with a +0 dagger.
Your ogre goes berserk!
Trog will no longer gift you weapons.
Josephine gestures at you while chanting.
The ghostly flame explodes!
The ghostly fireball engulfs you!!
You feel drained.
* * * LOW HITPOINT WARNING * * *
The ghostly fireball engulfs Josephine.
Josephine completely resists.
Josephine gestures at you while chanting.
The ghostly flame explodes!
The ghostly fireball engulfs you!!
You feel drained.
You die...

.#)..#__)#)_#
.###'#'###'##
.#..........#
.'.⌠........#
.#...######'#
.#.⌠.#__#...#+#####
.#...#__#...#..§O≈+
.#)###__#...#.#§§§#
.#)::#__#...'.#@@§#
.#___#__'...#.#§§§#
▓▓▓▓▓▓▓▓▓▓▓▓▓▓▓▓▓▓▓


You could see Josephine (ally target) and a friendly ogre (summoned, berserk).

Vanquished Creatures
  A deep elf pyromancer (D)
  A shadow (D)
  A spatial vortex (D)
  A necrophage (D)
  A water elemental (D)
  Crazy Yiuf (D)
  A jelly (D)
  A wizard (D)
  A necromancer (D)
  3 humans (D)
  A kobold demonologist (D)
  2 endoplasms (D)
  2 rats (D)
17 creatures vanquished.

Notes
Turn   | Place    | Note
-------+----------+-------------------------------------------
     0 | D        | mhtbhm the Draconian Berserker began the quest for the Orb.
     0 | D        | Reached XP level 1. HP: 19/19 MP: 1/1
    45 | D        | Reached ** piety under Trog
   116 | D        | Reached skill level 4 in Maces & Flails
   116 | D        | Reached XP level 2. HP: 27/28 MP: 2/2
   213 | D        | Noticed Crazy Yiuf
   219 | D        | Killed Crazy Yiuf
   220 | D        | Reached skill level 5 in Fighting
   220 | D        | Reached skill level 5 in Maces & Flails
   220 | D        | Reached XP level 3. HP: 36/36 MP: 3/3
   278 | D        | Gained mutation: Your tail ends in a venomous barb. [potion
                  | of mutation]
   278 | D        | Gained mutation: Your muscles are strong. (Str +2) [potion
                  | of mutation]
   302 | D        | Noticed a water elemental
   308 | D        | Killed a water elemental
   309 | D        | Reached skill level 6 in Maces & Flails
   309 | D        | Reached skill level 5 in Dodging
   309 | D        | Reached skill level 1 in Stealth
   309 | D        | Reached XP level 4. HP: 43/45 MP: 4/4
   414 | D        | Found a radiant altar of Vehumet.
   414 | D        | Found a shimmering blue altar of Sif Muna.
   414 | D        | Found an ancient bone altar of Kikubaaqudgha.
   414 | D        | Noticed a wizard
   417 | D        | Killed a wizard
   417 | D        | Reached *** piety under Trog
   418 | D        | Reached XP level 5. HP: 51/51 MP: 5/5
   421 | D        | Reached skill level 7 in Maces & Flails
   460 | D        | Found a basalt altar of Yredelemnul.
   460 | D        | Found a shadowy altar of Dithmenos.
   460 | D        | Found a sacrificial altar of Ru.
   460 | D        | Noticed a necrophage
   468 | D        | Killed a necrophage
   468 | D        | Reached **** piety under Trog
   469 | D        | Reached skill level 8 in Maces & Flails
   472 | D        | Reached XP level 6. HP: 46/61 MP: 6/6
   546 | D        | Found a glowing silver altar of Zin.
   547 | D        | Found a glowing golden altar of the Shining One.
   547 | D        | Found a white marble altar of Elyvilon.
   547 | D        | Noticed a deep elf pyromancer
   554 | D        | Killed a deep elf pyromancer
   555 | D        | Reached skill level 10 in Fighting
   555 | D        | Reached skill level 10 in Maces & Flails
   555 | D        | Your scales start taking on a golden yellow colour.
   555 | D        | Reached XP level 7. HP: 7/72 MP: 7/7
   555 | D        | Gained mutation: You are resistant to acid. (rCorr) [Yellow
                  | Draconian growth]
   854 | D        | Found a hide-covered altar of Uskayaw.
   854 | D        | Found an iron altar of Okawaru.
   854 | D        | Found a bloodstained altar of Trog.
   854 | D        | Found an ornate altar of the Wu Jian Council.
   854 | D        | Noticed a human
   855 | D        | Noticed a human
   864 | D        | Killed a human
   865 | D        | Reached skill level 11 in Maces & Flails
   867 | D        | Killed a human
   867 | D        | Reached ***** piety under Trog
   928 | D        | Noticed a shadow
   933 | D        | Killed a shadow
   934 | D        | Reached XP level 8. HP: 82/82 MP: 8/8
   940 | D        | Found a blossoming altar of Fedhas.
   940 | D        | Found a stormy altar of Qazlal.
   940 | D        | Found a snail-covered altar of Cheibriados.
   940 | D        | Found a burning altar of Makhleb.
   940 | D        | Found a shimmering altar of Xom.
   941 | D        | Found a hazy altar of Hepliaklqana.
   941 | D        | Found an opulent altar of Gozag.
   941 | D        | Found a sparkling altar of Nemelex Xobeh.
   941 | D        | Found a corrupted altar of Lugonu.
   941 | D        | Found a viscous altar of Jiyva.
   954 | D        | Reached skill level 12 in Maces & Flails
  1101 | D        | Noticed Josephine
  1119 | D        | Killed from afar by Josephine

Illustrated notes

Levels and vault maps discovered:
D:        dungeon_sprint_mu [sprint_mu_entry_cave, sprint_mu_temple_rooms,
          sprint_mu_d1_horrors, sprint_mu_d2_genie, sprint_mu_d3_branching,
          sprint_mu_orc_legion, sprint_mu_elf_gauntlet, sprint_mu_hive_nellie,
          sprint_mu_lair_fedhas, sprint_mu_vaults_butterflies,
          sprint_mu_slime_circle, sprint_mu_swamp_cave, sprint_mu_snake_twists,
          sprint_mu_blade_basic, sprint_mu_crypt_lich, sprint_mu_tomb_spiral,
          sprint_mu_vestibule_basic, sprint_mu_gehenna_hellfire,
          sprint_mu_dis_giant, sprint_mu_tartarus_statrot,
          sprint_mu_cocytus_islands, sprint_mu_zot1]

Skill      XL: |  1  2  3  4  5  6  7  8 |
---------------+-------------------------+-----
Dodging        | 3 4 5 6 8 |  8.8
Fighting       | 4 5 6 8 10 11 | 11.4
Maces & Flails | 4 5 6 8 10 11 12 | 12.0
Stealth        | 1 2 3 4 |  4.3

Action                   |  1- 3 |  4- 6 |  7- 9 || total
-------------------------+-------+-------+-------++-------
Melee: Mace              |    20 |    19 |    38 ||    77
       Tailslap          |     2 |     4 |     8 ||    14
Invok: Berserk           |     3 |     2 |     2 ||     7
       Brothers in Arms  |       |       |     1 ||     1
 Abil: Breathe Acid      |       |       |     1 ||     1
  Use: Potion            |     1 |       |     1 ||     2
 Stab: Sleeping          |     1 |       |     3 ||     4
Armor: Skin              |       |     2 |     4 ||     6
Dodge: Dodged            |     4 |     7 |     7 ||    18

Table legend: (Time is in decaauts)
 A = Elapsed time spent in this place.
 B = Non-inter-level travel time spent in this place.
 C = Inter-level travel time spent in this place.
 D = Time resting spent in this place.
 E = Time spent auto-exploring this place.
 F = Levels seen in this place.
 G = Mean time per level.
                   A        B        C        D        E       F      G
               +--------+--------+--------+--------+--------+-----+--------+
         Total |   1165 |   1165 |      0 |    844 |     87 |   1 | 1165.0 |
       Dungeon |   1165 |   1165 |      0 |    844 |     87 |   1 | 1165.0 |
               +--------+--------+--------+--------+--------+-----+--------+

Top non-repeatable levels by time:
       D: 1165 daAuts
